 Dungeon Crawl Stone Soup version 0.30-a0-311-gf115ab0292 (webtiles) character file.

Game seed: 3748117849116839487

3076 triglyceri the Covert (level 9, -2/74 HPs)
             Began as a Gnoll Delver on Oct 26, 2022.
             Killed from afar by a gargoyle (19 damage)
             ... with a stone arrow
             ... on level 8 of the Dungeon.
             The game lasted 00:19:45 (7453 turns).

triglyceri the Covert (Gnoll Delver)                Turns: 7453, Time: 00:19:45

Health: -2/74      AC: 18    Str: 11    XL:     9   Next: 88%
Magic:  16/16      EV: 11    Int: 13    God:
Gold:   341        SH:  5    Dex: 15    Spells: 17/17 levels left

rFire   . . .      SeeInvis .    v - +8 mace "Zoixoq" {pain, rElec rC+}
rCold   + . .      Faith    .    C - +0 buckler
rNeg    . . .      Spirit   .    w - +3 scale mail
rPois   .          Reflect  .    (no helmet)
rElec   +          Harm     .    (no cloak)
rCorr   .          Rampage  .    z - +0 pair of gloves
Will    .....                    E - +2 pair of boots
Stlth   +++.......               (no amulet)
HPRegen 0.32/turn                y - +4 ring of protection
MPRegen 0.15/turn                (no ring)

@: no status effects
A: fangs 1, strong nose, distributed training
a: no special abilities


You were on level 8 of the Dungeon.
You visited 2 branches of the dungeon, and saw 9 of its levels.

You collected 411 gold pieces.
You spent 70 gold pieces at shops.

Inventory:

Hand Weapons
 a - a +1 spear
 v - the +8 mace "Zoixoq" (weapon) {pain, rElec rC+}
   (You found it on level 3 of the Dungeon)

   In the hands of one skilled in necromantic magic, it inflicts extra damage on
   living creatures.
   rC:        It protects you from cold.
   rElec:     It insulates you from electricity.
Missiles
 r - 21 poisoned darts (quivered)
Armour
 w - a +3 scale mail (worn)
 z - a +0 pair of gloves (worn)
 C - a +0 buckler (worn)
 E - a +2 pair of boots (worn)
Jewellery
 y - a +4 ring of protection (left hand)
Wands
 e - a wand of polymorph (13)
 g - a wand of digging (8)
 t - a wand of light (3)
 B - a wand of roots (14)
 G - a wand of paralysis (12)
Scrolls
 c - 3 scrolls of fog
 d - 2 scrolls of magic mapping
 f - a scroll of amnesia
 k - 6 scrolls of identify
 l - a scroll of enchant weapon
 o - 3 scrolls of teleportation {unknown}
 q - a scroll of enchant armour {unknown}
 s - a scroll of vulnerability {unknown}
 A - a scroll of blinking
Potions
 b - a potion of resistance
 h - a potion of lignification
 i - a potion of heal wounds
 j - 2 potions of brilliance {unknown}
 m - 7 potions of curing
 n - 3 potions of haste
 p - 2 potions of flight {unknown}
 u - a potion of cancellation {unknown}
 x - a potion of degeneration {unknown}
 F - 2 potions of attraction {unknown}


   Skills:
 + Level 8.2 Fighting
 + Level 4.8 Short Blades
 + Level 4.8 Long Blades
 + Level 4.8 Axes
 + Level 4.8 Maces & Flails
 + Level 6.7 Polearms
 + Level 4.8 Staves
 + Level 4.8 Ranged Weapons
 + Level 4.8 Throwing
 + Level 4.8 Armour
 + Level 6.7 Dodging
 + Level 10.7 Stealth
 + Level 4.8 Shields
 + Level 4.8 Unarmed Combat
 + Level 4.8 Spellcasting
 + Level 4.0 Conjurations
 + Level 4.0 Hexes
 + Level 4.0 Summonings
 + Level 4.0 Necromancy
 + Level 4.0 Translocations
 + Level 4.0 Transmutations
 + Level 4.0 Fire Magic
 + Level 4.0 Ice Magic
 + Level 4.0 Air Magic
 + Level 4.0 Earth Magic
 + Level 4.0 Poison Magic
 + Level 5.3 Invocations
 + Level 4.8 Evocations


You had 17 spell levels left.
You didn't know any spells.
Your spell library contained the following spells:

 Spells                   Type           Power      Damage    Failure   Level
 Sublimation of Blood     Necr           13%        N/A       36%         2
 Wereblood                Tmut           13%        N/A       36%         2
 Inner Flame              Hex/Fire       13%        N/A       58%         3
 Tukima's Dance           Hex            13%        N/A       58%         3
 Cause Fear               Hex            6%         N/A       94%         4
 Passage of Golubria      Tloc           13%        N/A       94%         4
 Yara's Violent Unravell  Hex/Tmut       6%         3d5       100%        5
 Summon Hydra             Summ           6%         N/A       100%        7
 Discord                  Hex            6%         N/A       100%        8


Dungeon Overview and Level Annotations

Branches:
Dungeon (8/15)             Temple (1/1) D:4
   Lair: D:8-11

Altars:
Cheibriados
Elyvilon
Fedhas
Hepliaklqana
Kikubaaqudgha
Makhleb
Nemelex Xobeh
Qazlal
Ru
Trog
Uskayaw
Vehumet
Xom
Yredelemnul
Zin

Shops:
D:5 !


Innate Abilities, Weirdness & Mutations

You have very sharp teeth.
Your uncanny sense of smell can sniff out nearby items.
Your experience applies equally to all skills.


Message History

The bullfrog hits you but does no damage. x2
You hit the bullfrog but do no damage.
The bullfrog writhes in agony.
The bullfrog is almost dead.
The bullfrog swells and bulges.
The bullfrog barely misses you. x2
You thump the bullfrog!
You kill the bullfrog!
You block the gargoyle's attack.
Aiming: Dig
Press: ? - help, Shift-Dir - straight line, f - gargoyle
Aim: a gargoyle, wielding a +0 dire flail (100% to hit)
Digging in that direction won't affect any walls.
Okay, then.
You hit the gargoyle.
The gargoyle is moderately damaged.
The gargoyle hits you with a +0 dire flail.
You hit the gargoyle but do no damage.
The gargoyle is moderately damaged.
The gargoyle hurls a stone arrow at you.
The stone arrow misses you.
You barely miss the gargoyle.
The gargoyle is lightly damaged.
You block the gargoyle's attack.
You hit the gargoyle but do no damage.
You bite the gargoyle, but do no damage.
The gargoyle is lightly damaged.
The gargoyle hurls a stone arrow at you.
The stone arrow hits you!
You hit the gargoyle but do no damage.
The gargoyle is lightly damaged.
The gargoyle hurls a stone arrow at you.
The stone arrow hits you.
The gargoyle hurls a stone arrow at you.
The stone arrow hits you!! The gargoyle attacks as you move away!
The gargoyle hits you with a +0 dire flail!
* * * LOW HITPOINT WARNING * * *
The gargoyle hurls a stone arrow at you.
The stone arrow hits you!!
You die...

# # ... #. .###..
##.# #....###
##...##......##
#.....#.......#
..............#
........#...#
..>.........#
......#†#@#.#
###.# #.#.###.# #.
####.###.9.....#
#.#
.?.........#......
#.#
.........###.#####
#.# ...../...# #
#.# .....#...# #
#.# ..#.#..)###.#
####.#
...#.#..)....#
#.....


You could see a gargoyle.

Vanquished Creatures
  Maggie (D:7)
  A steam dragon (D:6)
  A water moccasin (D:2)
  Duvessa (D:5)
  A black bear (D:6)
  An ice beast (D:6)
  3 sky beasts
  An orc warrior (D:8)
  An ogre (D:6)
  2 kobold brigands (D:6)
  2 phantoms (D:7)
  5 bullfrogs
  A gnoll sergeant (D:7)
  7 wights
  Dowan (D:5)
  6 hounds
  An orc priest (D:7)
  4 iguanas
  A jelly (D:5)
  2 orc wizards
  Natasha (thrice) (D:3)
  A mummy (D:7)
  7 gnolls
  5 adders
  3 shadow imps (D:5)
  2 white imps (D:7)
  3 worms
  3 dart slugs
  12 orcs
  12 endoplasms
  A giant cockroach (D:3)
  5 goblins
  6 hobgoblins
  5 jackals
  13 kobolds
  2 quokkas
  5 ball pythons
  7 bats
  4 frilled lizards
  A hobgoblin zombie (D:7)
  2 kobold zombies (D:7)
  An orc zombie (D:7)
  5 rats
  A spectral orc (D:5)
152 creatures vanquished.

Vanquished Creatures (others)
  A fungus (D:7)
1 creature vanquished.

Grand Total: 153 creatures vanquished

Notes
Turn   | Place    | Note
-------+----------+-------------------------------------------
     0 | D:5      | Reached skill level 9 in Stealth
     0 | D:5      | triglyceri the Gnoll Delver began the quest for the Orb.
     0 | D:5      | Reached XP level 1. HP: 23/23 MP: 1/1
    14 | D:5      | Noticed a hound
    52 | D:5      | Noticed Duvessa
    52 | D:5      | Noticed Dowan
    71 | D:5      | Killed Dowan
    72 | D:5      | Reached skill level 1 in Short Blades
    72 | D:5      | Reached skill level 1 in Long Blades
    72 | D:5      | Reached skill level 1 in Axes
    72 | D:5      | Reached skill level 1 in Maces & Flails
    72 | D:5      | Reached skill level 1 in Staves
    72 | D:5      | Reached skill level 1 in Ranged Weapons
    72 | D:5      | Reached skill level 1 in Throwing
    72 | D:5      | Reached skill level 1 in Armour
    72 | D:5      | Reached skill level 1 in Shields
    72 | D:5      | Reached skill level 1 in Unarmed Combat
    72 | D:5      | Reached skill level 1 in Spellcasting
    72 | D:5      | Reached skill level 1 in Invocations
    72 | D:5      | Reached skill level 1 in Evocations
    72 | D:5      | Reached XP level 2. HP: 24/29 MP: 1/3
    72 | D:5      | Reached XP level 3. HP: 29/35 MP: 1/4
   193 | D:3      | Noticed Natasha
   252 | D:3      | Killed Natasha
   253 | D:3      | Reached XP level 4. HP: 22/41 MP: 5/5
   337 | D:3      | Noticed a water moccasin
   381 | D:2      | Killed a water moccasin
   382 | D:2      | Reached skill level 1 in Conjurations
   382 | D:2      | Reached skill level 1 in Hexes
   382 | D:2      | Reached skill level 1 in Summonings
   382 | D:2      | Reached skill level 1 in Necromancy
   382 | D:2      | Reached skill level 1 in Translocations
   382 | D:2      | Reached skill level 1 in Transmutations
   382 | D:2      | Reached skill level 1 in Fire Magic
   382 | D:2      | Reached skill level 1 in Ice Magic
   382 | D:2      | Reached skill level 1 in Air Magic
   382 | D:2      | Reached skill level 1 in Earth Magic
   382 | D:2      | Reached skill level 1 in Poison Magic
   382 | D:2      | Reached XP level 5. HP: 19/47 MP: 5/7
  1454 | D:1      | Reached XP level 6. HP: 53/53 MP: 8/8
  2066 | D:3      | Noticed Natasha
  2209 | D:3      | Killed Natasha
  2210 | D:3      | Reached skill level 5 in Polearms
  2210 | D:3      | Reached skill level 5 in Dodging
  2359 | D:3      | Identified the +8 mace "Zoixoq" {pain, rElec rC+}
  2522 | D:3      | Noticed Natasha
  2535 | D:3      | Killed Natasha
  3130 | D:4      | Found a staircase to the Ecumenical Temple.
  3206 | Temple   | Entered the Ecumenical Temple
  3592 | D:5      | Reached XP level 7. HP: 59/59 MP: 10/10
  4166 | D:5      | Killed Duvessa
  4167 | D:5      | Reached skill level 10 in Stealth
  4447 | D:5      | Found a basalt altar of Yredelemnul.
  4564 | D:5      | Found Miebbaca's Distillery.
  4572 | D:5      | Bought a potion of heal wounds for 70 gold pieces
  4634 | D:6      | Reached XP level 8. HP: 62/67 MP: 12/12
  4641 | D:6      | Found a sparkling altar of Nemelex Xobeh.
  6410 | D:7      | Noticed a yak
  6411 | D:7      | Noticed a yak
  6434 | D:6      | Reached XP level 9. HP: 56/73 MP: 14/14
  6501 | D:7      | Noticed Maggie
  6514 | D:7      | Killed Maggie
  6792 | D:7      | Reached skill level 5 in Invocations
  6930 | D:7      | Found a radiant altar of Vehumet.
  6945 | D:7      | Found a blossoming altar of Fedhas.
  7436 | D:8      | Noticed a gargoyle
  7453 | D:8      | Killed from afar by a gargoyle

Illustrated notes

Levels and vault maps discovered:
D:1:      co_arrival_random_square_maze, layout_basic, minmay_pentomino_w4
D:2:      layout_basic, serial_bayou_pond_d, kennysheep_generic_room_14
D:3:      layout_basic, nrook_loot_triangle, uniq_natasha
D:4:      layout_loops_ring, minmay_temple_entry_antechambers,
          minmay_statues_item
D:5:      nicolae_BIG_FREAKIN_CUBE, layout_loops_ring,
          yredelemnul_forgotten_temple_becter, serial_shops,
          nicolae_shop_window_shopping, uniq_duvessa
D:6:      layout_layer_cave, nemelex_diamond_rough_becter
D:7:      layout_basic, mainiacjoe_overflow_catwalk,
          mainiacjoe_overflow_big_doors, minmay_mini_ossuary, uniq_maggie
D:8:      layout_basic, minitemple, kb_rosetta
Temple:   nicolae_temple_ecumenical_triangle

Skill      XL: |  1  2  3  4  5  6  7  8  9 |
---------------+----------------------------+-----
Stealth        | 10 | 10.7
Short Blades   | 1 2 3 4 |  4.8
Long Blades    | 1 2 3 4 |  4.8
Axes           | 1 2 3 4 |  4.8
Maces & Flails | 1 2 3 4 |  4.8
Staves         | 1 2 3 4 |  4.8
Ranged Weapons | 1 2 3 4 |  4.8
Throwing       | 1 2 3 4 |  4.8
Armour         | 1 2 3 4 |  4.8
Shields        | 1 2 3 4 |  4.8
Unarmed Combat | 1 2 3 4 |  4.8
Spellcasting   | 1 2 3 4 |  4.8
Invocations    | 1 2 3 4 5 |  5.3
Evocations     | 1 2 3 4 |  4.8
Conjurations   | 1 2 3 4 |  4.0
Hexes          | 1 2 3 4 |  4.0
Summonings     | 1 2 3 4 |  4.0
Necromancy     | 1 2 3 4 |  4.0
Translocations | 1 2 3 4 |  4.0
Transmutations | 1 2 3 4 |  4.0
Fire Magic     | 1 2 3 4 |  4.0
Ice Magic      | 1 2 3 4 |  4.0
Air Magic      | 1 2 3 4 |  4.0
Earth Magic    | 1 2 3 4 |  4.0
Poison Magic   | 1 2 3 4 |  4.0
Polearms       | 5 6 |  6.7
Dodging        | 5 6 |  6.7
Fighting       | 7 8 |  8.2

Action                   |  1- 3 |  4- 6 |  7- 9 || total
-------------------------+-------+-------+-------++-------
Melee: Unarmed           |    13 |       |       ||    13
       Spear             |    24 |   155 |       ||   179
       Bite              |     4 |    18 |    34 ||    56
       Punch             |       |     3 |       ||     3
       Mace              |       |    65 |   312 ||   377
Throw: Dart              |       |       |     3 ||     3
Evoke: Wand              |       |       |     2 ||     2
  Use: Scroll            |     1 |     1 |     6 ||     8
       Potion            |       |     2 |     2 ||     4
 Stab: Sleeping          |     3 |    25 |     8 ||    36
       Distracted        |       |       |     1 ||     1
Armor: Skin              |     1 |    15 |       ||    16
       Leather armour    |     1 |    15 |       ||    16
       Scale mail        |       |    35 |   196 ||   231
Dodge: Dodged            |    15 |    90 |   169 ||   274
Block: Buckler           |       |       |    76 ||    76

Table legend: (Time is in decaauts)
 A = Elapsed time spent in this place.
 B = Non-inter-level travel time spent in this place.
 C = Inter-level travel time spent in this place.
 D = Time resting spent in this place.
 E = Time spent auto-exploring this place.
 F = Levels seen in this place.
 G = Mean time per level.
                   A        B        C        D        E       F      G
               +--------+--------+--------+--------+--------+-----+--------+
         Total |   7503 |   7173 |    330 |    796 |   3961 |   9 |  833.7 |
       Dungeon |   7418 |   7088 |    330 |    796 |   3961 |   8 |  927.2 |
        Temple |     84 |     84 |      0 |      0 |      0 |   1 |   84.0 |
               +--------+--------+--------+--------+--------+-----+--------+

Top non-repeatable levels by time:
     D:6: 1740 daAuts
     D:3: 1076 daAuts
     D:7: 970 daAuts
     D:5: 944 daAuts
     D:2: 929 daAuts
     D:4: 887 daAuts
     D:1: 662 daAuts
     D:8: 207 daAuts
  Temple: 84 daAuts
